 Dungeon Crawl Stone Soup version 0.31-a0-233-g139696dc86 (webtiles) character file.

Game seed: 2020553135830020302

635 qw the Shooter (level 7, -23/50 (59) HPs)
             Began as a Minotaur Hexslinger on July 7, 2023.
             Annihilated by an orc warrior
             ... wielding a +0 dire flail
              (45 damage)
             ... on level 4 of the Dungeon.
             The game lasted 00:01:36 (3846 turns).

qw the Shooter (Minotaur Hexslinger)                Turns: 3846, Time: 00:01:37

HP:   -23/50 (59)   AC:  5    Str: 13    XL:     7   Next: 25%
MP:   7/7           EV:  2    Int: 10    God:
Gold: 240           SH:  0    Dex: 14    Spells: 7/8 levels left

rFire   . . .        Y - +1 sling
rCold   . . .        (no shield)
rNeg    . . .        c - +0 ring mail
rPois   .            (helmet restricted)
rElec   .            (no cloak)
rCorr   .            (no gloves)
SInv    .            (no boots)
Will    .....        (no amulet)
Stlth   +            (no ring)
HPRegen 0.28/turn    (no ring)
MPRegen 0.10/turn

%: no passive effects
@: sleeping, heavily drained
A: horns 2, retaliatory headbutt
a: no special abilities


You were on level 4 of the Dungeon.
You visited 1 branch of the dungeon, and saw 5 of its levels.

You collected 240 gold pieces.


Innate Abilities, Weirdness & Mutations

You have a pair of horns on your head.
You reflexively headbutt those who attack you in melee.


   Skills:
 - Level 4.2 Fighting
 + Level 7.9 Ranged Weapons
 - Level 1.0 Armour
 - Level 2.1 Dodging
 - Level 1.0 Spellcasting
 - Level 2.0 Hexes


You had 7 spell levels left.
You knew the following spells:

 Your Spells              Type           Power      Damage    Failure   Level
a - Slow                  Hex            16%        N/A       32%         1

Your spell library contained the following spells:

 Spells                   Type           Power      Damage    Failure   Level
 Inner Flame              Hex/Fire       2%         N/A       82%         3
 Portal Projectile        Hex/Tloc       4%         N/A       82%         3
 Cause Fear               Hex            2%         N/A       97%         4

Inventory:

Hand Weapons
 Y - a +1 sling (weapon)
Armour
 c - a +0 ring mail (worn)
Scrolls
 e - a scroll of identify
Potions
 a - 2 potions of curing
 b - a potion of mutation
 h - a potion of might

Dungeon Overview and Level Annotations

Branches:
Dungeon (5/15)
 Temple: D:4-7

Altars:

Annotations:
D:2 1 runed translucent door, Crazy Yiuf
D:3 Natasha


Message History

Enter note:
Enter note:
Enter note:
Enter note:
Enter note:
Enter note:
Enter note: You start resting.
HP restored.
Done exploring.
(D) Dungeon
Where to? (* - list waypoints, Enter - D:5, ? - help)
What level of the Dungeon? (default 1, ? - help)
You climb downwards.
The orc shouts!
The sleepcap releases spores at you. The orc closely misses you. x3
The sleepcap releases spores at you.
You are engulfed in a cloud of soporific spores!
You fall asleep.
The orc hits you with a +0 hand axe.
You wake up.
An orc wizard comes into view. It is wielding a +0 dagger.
The orc closely misses you.
There is a stone staircase leading up here.
3843 ||| STAIRDANCE The sleepcap releases spores at you.
The orc hits you but does no damage. The orc barely misses you.
You climb upwards.
There is a stone staircase leading down here.
You shoot a sling bullet.
The sling bullet hits the sleepcap but does no damage.
The orc hits you with a +0 hand axe. The sleepcap releases spores at you.
The orc barely misses you. You furiously retaliate!
You headbutt the orc.
The orc warrior hits you with a +0 dire flail.
You shoot a sling bullet. The sling bullet hits the orc!
You kill the orc!
The orc closely misses you. The sleepcap releases spores at you.
You are engulfed in a cloud of soporific spores!
You fall asleep.
The orc warrior hits you with a +0 dire flail!!!
Ouch! That really hurt!
You die...

#..# #........#.###.###.. #..#
########...# #.# ##. #..# ##.##
#.# #. #..# #.# #.# ##. #..#
##.## #.###.# #..# #...###.##.##
##..# #.........## ....#
###############...###.##.##
###.# #.........@f...####
#.###.# #.# #.######.o)o......#
#...... #.# #.# #.#####.##.#
####... #.###.## #.# #.##.#
##.## #.##...# ###.### #.##.#
##...# #.##...###.....#
#.##.####..~.. ##>.......#.....#
#.#...#...~~~. #.....#.........#
#......!#..~..
#.....#..<#.....#####...####...#


You could see an orc warrior, a sleepcap and an orc.

Vanquished Creatures
  A black bear (D:4)
  An ogre (D:3)
  A scorpion (D:5)
  A hound (D:4)
  Jessica (D:3)
  2 iguanas
  Natasha (twice) (D:3)
  An orc wizard (D:4)
  Robin (D:2)
  8 adders
  3 gnolls (D:4)
  An ufetubus (D:5)
  A worm (D:2)
  9 orcs
  7 endoplasms
  A giant cockroach (D:1)
  14 hobgoblins
  7 jackals
  3 quokkas
  8 ball pythons
  8 bats
  5 frilled lizards
  10 goblins
  6 kobolds
  5 rats
107 creatures vanquished.

Notes
Turn   | Place    | Note
-------+----------+-------------------------------------------
     0 | D:1      | qw the Minotaur Hexslinger began the quest for the Orb.
     0 | D:1      | Reached XP level 1. HP: 16/16 MP: 1/1
     0 | D:1      | 0 ||| qw: Version: 0.3-a-46-gb1f654a
     0 | D:1      | 0 ||| qw: Game counter: 3099
     0 | D:1      | 0 ||| qw: Melee chars always use a shield: true
     0 | D:1      | 0 ||| qw: God list: Okawaru
     0 | D:1      | 0 ||| qw: Allow faded altars: false
     0 | D:1      | 0 ||| qw: Do Orc after clearing Dungeon:15 true
     0 | D:1      | 0 ||| qw: Do second Lair branch before Depths: true
     0 | D:1      | 0 ||| qw: Lair rune preference: random
     0 | D:1      | 0 ||| qw: Goals: Normal
     0 | D:1      | 0 ||| PLANNING D:1-11
   120 | D:1      | Reached skill level 3 in Ranged Weapons
   121 | D:1      | Reached XP level 2. HP: 23/23 MP: 2/2
   266 | D:1      | Found a faded altar of an unknown god.
   459 | D:1      | 459 ||| UPGRADING to +0 leather armour.
   469 | D:1      | 469 ||| DROPPING +0 robe.
   470 | D:1      | 470 ||| READING scroll labelled SOFAN IREMEYH.
   471 | D:1      | 471 ||| READING scroll labelled ZESOAN SATI.
   476 | D:1      | 476 ||| READING scroll labelled GEBRATUNAM.
   477 | D:1      | 477 ||| DRINKING 4 fuming cyan potions.
   478 | D:1      | 478 ||| DROPPING scroll of poison.
   616 | D:2      | Reached XP level 3. HP: 25/29 MP: 3/3
   787 | D:2      | Reached skill level 4 in Ranged Weapons
   935 | D:2      | Reached XP level 4. HP: 36/36 MP: 4/4
  1071 | D:2      | Noticed Robin
  1078 | D:2      | Killed Robin
  1118 | D:2      | Found a runed translucent door.
  1119 | D:2      | Noticed Crazy Yiuf
  1446 | D:2      | 1446 ||| DRINKING 2 orange potions.
  1447 | D:2      | 1447 ||| DRINKING 3 smoky inky potions.
  1480 | D:2      | 1480 ||| DROPPING potion of brilliance.
  1481 | D:2      | 1481 ||| DROPPING 2 potions of lignification.
  1526 | D:3      | Reached skill level 5 in Ranged Weapons
  1528 | D:3      | 1528 ||| STAIRDANCE
  1644 | D:2      | 1644 ||| UPGRADING to +0 ring mail.
  1654 | D:2      | 1654 ||| DROPPING +0 leather armour.
  1791 | D:3      | Reached skill level 1 in Armour
  1882 | D:3      | Noticed an ogre
  1892 | D:3      | Killed an ogre
  1893 | D:3      | Reached XP level 5. HP: 16/46 MP: 5/5
  2185 | D:3      | Noticed Jessica
  2189 | D:3      | Killed Jessica
  2190 | D:3      | Reached XP level 6. HP: 52/52 MP: 6/6
  2281 | D:3      | Noticed Natasha
  2293 | D:3      | Killed Natasha
  2440 | D:3      | Noticed Natasha
  2446 | D:3      | Killed Natasha
  2447 | D:3      | Reached skill level 6 in Ranged Weapons
  2505 | D:3      | Noticed Natasha
  2515 | D:3      | HP: 13/52 [Natasha (2)]
  2516 | D:3      | 2516 ||| READING scroll of teleportation.
  2516 | D:3      | HP: 5/52 [Natasha/magic dart (6)]
  2517 | D:3      | 2517 ||| DRINKING 3 potions of heal wounds.
  2519 | D:3      | 2519 ||| DRINKING 2 potions of heal wounds.
  2688 | D:3      | 2688 ||| READING scroll labelled AGAL HIPEZEALU.
  2904 | D:4      | 2904 ||| FLEEEEING.
  2911 | D:4      | 2911 ||| STAIRDANCE
  2981 | D:4      | Reached skill level 7 in Ranged Weapons
  3105 | D:4      | Reached XP level 7. HP: 48/59 MP: 7/7
  3329 | D:4      | HP: 10/55 [gnoll/+0 club (5)]
  3330 | D:4      | 3330 ||| DRINKING 2 potions of heal wounds.
  3334 | D:4      | 3334 ||| DRINKING potion of heal wounds.
  3338 | D:4      | HP: 11/44 [gnoll/+1 flail of draining (1)]
  3727 | D:4      | 3727 ||| READING scroll labelled YNTENK IHOMNY.
  3728 | D:4      | 3728 ||| READING scroll labelled CUDASI LISTEUR.
  3729 | D:4      | 3729 ||| DRINKING 3 green potions.
  3730 | D:4      | 3730 ||| READING 5 scrolls of identify.
  3730 | D:4      | 3730 ||| IDENTIFYING white potion
  3731 | D:4      | 3731 ||| READING 4 scrolls of identify.
  3731 | D:4      | 3731 ||| IDENTIFYING bubbling pink potion
  3732 | D:4      | 3732 ||| READING 3 scrolls of identify.
  3732 | D:4      | 3732 ||| IDENTIFYING inky potion
  3733 | D:4      | 3733 ||| READING 2 scrolls of identify.
  3733 | D:4      | 3733 ||| IDENTIFYING sedimented golden potion
  3734 | D:4      | 3734 ||| DROPPING potion of degeneration.
  3735 | D:4      | 3735 ||| DROPPING potion of berserk rage.
  3772 | D:5      | Entered Level 5 of the Dungeon
  3786 | D:5      | 3786 ||| FLEEEEING.
  3787 | D:5      | 3787 ||| STAIRDANCE
  3843 | D:5      | 3843 ||| STAIRDANCE
  3846 | D:4      | Annihilated by an orc warrior

Levels and vault maps discovered:
D:1:      wheals_arrival_shading, layout_rooms,
          shapermc_ecumenical_altar_notcrosses
D:2:      layout_basic, uniq_robin, uniq_crazy_yiuf_cottage
D:3:      layout_basic, uniq_natasha, uniq_jessica
D:4:      layout_loops_ring, amcnicky_mini_pool_small
D:5:      layout_rooms, temple_statues

Skill      XL: |  1  2  3  4  5  6 |
---------------+-------------------+-----
Ranged Weapons | 3 4 5 7 |  7.9
Fighting       | 2 4 |  4.2
Armour         | 1 |  1.0
Dodging        | |  2.1
Spellcasting   | |  1.0
Hexes          | |  2.0

Action                     |  1- 3 |  4- 6 |  7- 9 || total
---------------------------+-------+-------+-------++-------
   Fire: Sling             |   113 |   211 |    65 ||   389
    Use: Scroll            |     3 |     2 |     6 ||    11
         Potion            |     1 |     4 |     3 ||     8
 Armour: Robe              |     1 |       |       ||     1
         Leather armour    |     8 |     9 |       ||    17
         Ring mail         |       |    48 |    16 ||    64
  Dodge: Dodged            |    29 |    94 |    41 ||   164

Table legend:
 A = Non-vault XP
 B = Vault XP
 C = Vault XP percentage of total XP
 D = Non-vault monster count
 E = Vault monster count
 F = Vault count percentage of total count
                 A         B        C        D         E       F
            +---------+---------+-------+---------+---------+-------
      Total |     809 |     102 |  11.2 |      96 |      11 |  10.3
            +---------+---------+-------+---------+---------+-------
        D:1 |      25 |       0 |   0.0 |      18 |       0 |   0.0
        D:2 |     100 |      29 |  22.5 |      29 |       9 |  23.7
        D:3 |     252 |      73 |  22.5 |      24 |       2 |   7.7
        D:4 |     334 |       0 |   0.0 |      22 |       0 |   0.0
        D:5 |      98 |       0 |   0.0 |       3 |       0 |   0.0
            +---------+---------+-------+---------+---------+-------
